 Dungeon Crawl Stone Soup version 0.30-b1-2-g02819fbbbe (webtiles) character file.

Game seed: 13738461831819284725

22 redmage the Digger (level 3, 0/26 HPs)
             Began as a Meteoran Earth Elementalist on Aug 8, 2023.
             Killed by divine providence
             ... invoked by an orc priest
              (10 damage)
             ... on level 3 of the Dungeon.
             The game lasted 00:02:58 (306 turns).

redmage the Digger (Meteoran Earth Elementalist)     Turns: 306, Time: 00:02:58

Health: 0/26       AC:  3    Str:  9    XL:     3   Next: 23%
Magic:  4/8        EV: 12    Int: 18    God:
Gold:   73         SH:  0    Dex: 15    Spells: 7/8 levels left

rFire   . . .        (no weapon)
rCold   . . .        (no shield)
rNeg    . . .        a - +1 robe
rPois   .            (no helmet)
rElec   .            (no cloak)
rCorr   .            (no gloves)
SInv    .            (no boots)
Will    .....        (no amulet)
Stlth   +            (no ring)
HPRegen 0.24/turn    (no ring)
MPRegen 0.11/turn

%: no passive effects
@: glowing
A: sense surroundings 1, otherworldly, glowing, explore regen
a: no special abilities


You were on level 3 of the Dungeon.
You visited 1 branch of the dungeon, and saw 3 of its levels.

You collected 73 gold pieces.

Inventory:

Armour
 a - a +1 robe (worn)
Scrolls
 g - a scroll of identify {unknown}
 h - a scroll of enchant weapon {unknown}
 j - a scroll of silence {unknown}
 k - 2 scrolls of enchant armour
Potions
 b - a potion of magic
 c - a potion of might {unknown}
 f - a potion of brilliance {unknown}
 i - a potion of mutation {unknown}


   Skills:
 - Level 2.4 Dodging
 - Level 1.4 Stealth
 - Level 3.0 Spellcasting
 - Level 1.3 Transmutations
 * Level 4.6 Earth Magic


You had 7 spell levels left.
You knew the following spells:

 Your Spells              Type           Power      Damage    Failure   Level
a - Sandblast             Erth           38%        2d10      2%          1

Your spell library contained the following spells:

 Spells                   Type           Power      Damage    Failure   Level
 Passwall                 Tmut/Erth      10%        N/A       8%          2
 Stone Arrow              Conj/Erth      22%        3d8       19%         3
 Petrify                  Tmut/Erth      13%        N/A       43%         4


Dungeon Overview and Level Annotations

Branches:
Dungeon (3/15) Zot: 1480

Altars:
Qazlal


Innate Abilities, Weirdness & Mutations

You passively map a small area around you.
You are easily found by Zot.
You glow in the dark.
You regain HP and MP as you explore.


Message History

Aiming: Sandblast (safe; 2% risk of failure)
Press: ? - help, Shift-Dir - straight line, f/p - orc
Aim: an orc, wielding a +0 club and wearing a +0 chain mail (heavily wounded, 87% to hit)
The blast of sand misses the orc.
The blast of sand hits the orc priest but does no damage.
The orc barely misses you. The orc closely misses you.
Unknown command.
Casting: Sandblast (safe; 2% risk of failure)
Confirm with . or Enter, or press ? or * to list all spells.
Aiming: Sandblast (safe; 2% risk of failure)
Press: ? - help, Shift-Dir - straight line, f/p - orc
Aim: an orc, wielding a +0 club and wearing a +0 chain mail (heavily wounded, 87% to hit)
The blast of sand hits the orc but does no damage.
The orc is heavily wounded.
The orc hits you but does no damage.
As you read the scroll labelled PUYTEY IQOZOI, it crumbles to dust.
It is a scroll of enchant armour.
Your +0 robe glows green for a moment.
The orc hits you with a +0 club.
As you read the scroll labelled ECA VOYWEKOPH, it crumbles to dust.
You hear a loud clanging noise!
It was a scroll of noise.
You hear an angry hiss. x2; You hear a shout!
You hear an angry hiss.
The orc priest miscasts a cantrip.
The orc hits you with a +0 club.
As you read the scroll labelled AJECED VYSURADWITZ, it crumbles to dust.
You hear the flapping of tiny wings.
The orc priest is knocked back by the sudden gust.
The orc is knocked back by the sudden gust.
It was a scroll of butterflies.
The orc priest miscasts a cantrip.
You swap places.
The orc completely misses your butterfly.
You swap places.
The orc hits your butterfly with a +0 club.
Your butterfly dies!
Your butterfly disappears in a burst of colours!
You swap places.
The orc priest invokes the aid of Beogh against you.
Beogh smites you!
You die...

#.# #.# *** * *
* #.# ** * ,*
#.# , , * #,
#.#########
#.###b.........,
, #...bb.bb#.###
#.##bbb###.# , *
* ** #bb@b.##.#
, , ,,
##b.b.b..# * * *
*##b###### * *
#.# * * #o# * *
, , #o# , *


*ooo * * * * ..... , * ,,o...P.. You could see 2 orc priests and 3 orcs.

Vanquished Creatures
  5 bats (D:1)
  An endoplasm (D:2)
  2 giant cockroaches (D:2)
  2 hobgoblins
  3 jackals (D:3)
  2 quokkas
  2 frilled lizards (D:1)
  A kobold (D:1)
  A rat (D:1)
19 creatures vanquished.

Notes
Turn   | Place    | Note
-------+----------+-------------------------------------------
     0 | D:1      | redmage the Meteoran Earth Elementalist began the quest for
                  | the Orb.
     0 | D:1      | Reached XP level 1. HP: 14/14 MP: 5/5
    38 | D:1      | Reached XP level 2. HP: 20/20 MP: 3/6
    70 | D:1      | Reached skill level 4 in Earth Magic
   156 | D:2      | Reached XP level 3. HP: 26/26 MP: 5/8
   222 | D:3      | Noticed an earth elemental
   223 | D:3      | Found a stormy altar of Qazlal.
   306 | D:3      | Killed from afar by an orc priest

Illustrated notes

Levels and vault maps discovered:
D:1:      spicycebolla_arrival_ecumenical, layout_basic,
          minmay_shallow_snake_nest
D:2:      layout_rooms
D:3:      layout_loops_corners, nicolae_qazlal_style_of_elements,
          nicolae_elyvilon_temple_path

Skill      XL: |  1  2 |
---------------+-------+-----
Earth Magic    | 4 |  4.6
Spellcasting   | 3 |  3.0
Dodging        | |  2.4
Stealth        | |  1.4
Transmutations | |  1.3

Action                     || total
---------------------------++-------
  Melee: Unarmed           ||     1
   Cast: Sandblast         ||    27
    Use: Scroll            ||     3
 Armour: Robe              ||     5
  Dodge: Dodged            ||     7
